[Event "ICC tourney 2523 (60 10)"]
[Site "Internet Chess Club"]
[Date "2021.04.18"]
[Round "4"]
[White "JONES, TAYLOR:WDSTJ1"]
[Black "ENGI, DANIEL:BBDaniel"]
[Result "1/2-1/2"]
[ICCResult "Game drawn by mutual agreement"]
[WhiteElo "872"]
[BlackElo "523"]
[Opening "QGD Slav: 4.e3"]
[ECO "D11"]
[NIC "SL.01"]
[Time "10:00:51"]
[PlyCount "58"]
[TimeControl "3600+10"]

1. d4 d5 2. c4 c6 3. e3 Nf6 4. Nf3 Bg4 5. h3 Bh5 6. Be2 e6 7. O-O Bxf3 8.
Bxf3 Bd6 9. c5 Bc7 10. Nc3 b6 11. e4 bxc5 12. dxc5 O-O 13. Re1 Be5 14. exd5
Bxc3 15. bxc3 cxd5 16. Bg5 Nbd7 17. c6 Nb8 18. Bf4 Nxc6 19. Bg5 h6 20. Bxf6
Qxf6 21. c4 Rad8 22. cxd5 exd5 23. Rc1 Nb4 24. Ra1 Rfe8 25. Rxe8+ Rxe8 26.
Qb3 Qd6 27. Rd1 d4 28. Bh5 Re7 29. g3 d3 { Game drawn by mutual agreement }
1/2-1/2

[Event "ICC tourney 2523 (60 10)"]
[Site "Internet Chess Club"]
[Date "2021.04.18"]
[Round "4"]
[White "bhargava, saarth:bsaarth"]
[Black "javeri, kiaan:kiaanj"]
[Result "1-0"]
[ICCResult "Black resigns"]
[WhiteElo "247"]
[BlackElo "938"]
[Opening "Two knights defense (Modern bishop's opening)"]
[ECO "C55"]
[NIC "IG.01"]
[Time "10:00:51"]
[PlyCount "45"]
[TimeControl "3600+10"]

1. e4 e5 2. Nf3 Nc6 3. Bc4 Nf6 4. d3 d6 5. h3 Be7 6. O-O O-O 7. Re1 Be6 8.
Bb3 d5 9. exd5 Bxd5 10. Bxd5 Qxd5 11. Nc3 Qc5 12. Qe2 Rfe8 13. Bd2 Qb6 14.
a3 Bc5 15. Na4 Qb5 16. b3 e4 17. c4 exf3 18. Qxe8+ Rxe8 19. Rxe8+ Nxe8 20.
cxb5 Bd4 21. Re1 Ne5 22. Bf4 Bc3 23. Nxc3 { Black resigns } 1-0

[Event "ICC tourney 2523 (60 10)"]
[Site "Internet Chess Club"]
[Date "2021.04.18"]
[Round "4"]
[White "ESTRADA, ELIJAH:aw3some-elijah2"]
[Black "AHARONIAN, ALEXANDER:Alex2009"]
[Result "1-0"]
[ICCResult "Black checkmated"]
[WhiteElo "395"]
[BlackElo "769"]
[Opening "Caro-Kann defense"]
[ECO "B10"]
[NIC "CK.01"]
[Time "10:00:36"]
[PlyCount "85"]
[TimeControl "3600+10"]

1. e4 c6 2. Nf3 d5 3. exd5 cxd5 4. d4 Nf6 5. Nc3 Nc6 6. h3 h6 7. Bb5 Bd7 8.
Ne5 e6 9. O-O Bb4 10. Bd2 Bxc3 11. Bxc3 Nxe5 12. Bxd7+ Nexd7 13. Bb4 e5 14.
dxe5 Nxe5 15. Re1 Qc7 16. Qd4 O-O-O 17. Rxe5 Rhe8 18. Rxe8 Rxe8 19. Qxa7
Qxc2 20. Bc3 Rd8 21. Qc5+ Kd7 22. Re1 Ne4 23. Qxd5+ Kc8 24. Qc4+ Kb8 25.
Be5+ Ka7 26. Qxc2 Rd2 27. Qa4+ Kb6 28. Qxe4 g6 29. Qe3+ Kc6 30. Qxd2 f6 31.
Bxf6 h5 32. Rc1+ Kb5 33. Qg5+ Ka6 34. Qxg6 h4 35. Bd4+ Kb5 36. Qb6+ Ka4 37.
b3+ Ka3 38. Qa7+ Kb4 39. Qb6+ Ka3 40. Qc5+ Kxa2 41. Ra1+ Kxb3 42. Rb1+ Ka4
43. Qa7# { Black checkmated } 1-0

[Event "ICC tourney 2523 (60 10)"]
[Site "Internet Chess Club"]
[Date "2021.04.18"]
[Round "4"]
[White "BEAR, ASHWIN:ashwinb2012"]
[Black "LEWIS, TROY:saphtroyl"]
[Result "0-1"]
[ICCResult "White checkmated"]
[WhiteElo "912"]
[BlackElo "794"]
[Opening "Scandinavian defense"]
[ECO "B01"]
[NIC "SD.03"]
[Time "10:03:42"]
[PlyCount "192"]
[TimeControl "3600+10"]

1. e4 d5 2. exd5 Nf6 3. Nc3 Nxd5 4. Nxd5 Qxd5 5. Qf3 Qxf3 6. Nxf3 Nc6 7.
Bc4 e6 8. d3 b6 9. O-O Bb7 10. Bf4 Bd6 11. Bxd6 cxd6 12. Rfe1 d5 13. Bb5
O-O 14. Rec1 a6 15. Bxc6 Bxc6 16. c4 dxc4 17. Rxc4 Bxf3 18. gxf3 Rac8 19.
Rac1 Rxc4 20. Rxc4 b5 21. Rc6 a5 22. Ra6 a4 23. b3 axb3 24. axb3 b4 25. Rb6
Ra8 26. Rxb4 Ra1+ 27. Kg2 h6 28. Rc4 Ra3 29. b4 Rxd3 30. b5 Rb3 31. Rc5 Kf8
32. Rc8+ Ke7 33. Rc7+ Kd6 34. Rxf7 Rxb5 35. Rxg7 Ke5 36. Rh7 Kd6 37. Rxh6
Rg5+ 38. Kf1 Rf5 39. Ke2 Re5+ 40. Kd3 Rf5 41. Ke4 Re5+ 42. Kf4 Rf5+ 43. Kg4
Rc5 44. h4 Rc2 45. h5 Rxf2 46. Rf6 Rg2+ 47. Kh3 Rf2 48. h6 Rf1 49. h7 Rh1+
50. Kg2 Rxh7 51. f4 Rg7+ 52. Kf3 Re7 53. Ke4 Kd7 54. Kd4 Kc6 55. Ke5 Kd7
56. Kd4 Kd6 57. Ke3 Rd7 58. Kf3 Ke7 59. Rg6 Rd3+ 60. Ke4 Rd7 61. f5 exf5+
62. Kxf5 Rd5+ 63. Ke4 Ra5 64. Rb6 Ra4+ 65. Kd5 Rh4 66. Rd6 Rh3 67. Ke5 Rh1
68. Re6+ Kf7 69. Kf5 Rf1+ 70. Ke5 Re1+ 71. Kd4 Rxe6 72. Kd5 Ke7 73. Kd4 Kd6
74. Kc4 Re5 75. Kd4 Rh5 76. Ke4 Ke6 77. Kf4 Kf6 78. Kg4 Ra5 79. Kf4 Ra4+
80. Ke3 Kf5 81. Kd3 Ke5 82. Kc3 Kd5 83. Kb3 Rh4 84. Kc3 Rg4 85. Kd3 Rg3+
86. Kd2 Rh3 87. Kc2 Kd4 88. Kb2 Kc4 89. Ka2 Kb4 90. Kb1 Rh2 91. Kc1 Kc3 92.
Kd1 Kd3 93. Kc1 Rg2 94. Kb1 Kc3 95. Ka1 Kb3 96. Kb1 Rg1# { White checkmated
} 0-1

[Event "ICC tourney 2523 (60 10)"]
[Site "Internet Chess Club"]
[Date "2021.04.18"]
[Round "4"]
[White "Miner, Julian:julianminer"]
[Black "WILSON, HANSEN:LionsHansenW"]
[Result "0-1"]
[ICCResult "White checkmated"]
[WhiteElo "236"]
[BlackElo "805"]
[Opening "Queen's pawn, Mason variation"]
[ECO "D00"]
[NIC "QP.08"]
[Time "10:01:46"]
[PlyCount "46"]
[TimeControl "3600+10"]

1. d4 d5 2. Bf4 Bf5 3. Nc3 Nf6 4. Be5 Ne4 5. Nxe4 Bxe4 6. e3 Nc6 7. Bb5 e6
8. Bxc6+ bxc6 9. f3 Bf5 10. Ne2 Bb4+ 11. c3 Ba5 12. O-O O-O 13. Nf4 f6 14.
Bxc7 Bxc7 15. Nxe6 Bxe6 16. e4 dxe4 17. fxe4 f5 18. exf5 Bxf5 19. Rxf5 Rxf5
20. Qd3 Rf8 21. Qc4+ Kh8 22. Re1 Qd6 23. Re6 Qxh2# { White checkmated } 0-1

[Event "ICC tourney 2523 (60 10)"]
[Site "Internet Chess Club"]
[Date "2021.04.18"]
[Round "4"]
[White "LINGAMANENI, SRIKAR:srikarl99"]
[Black "PLASSE, ANDREW:dplasse"]
[Result "1-0"]
[ICCResult "Black checkmated"]
[WhiteElo "744"]
[BlackElo "835"]
[Opening "Scotch game"]
[ECO "C45"]
[NIC "SO.05"]
[Time "10:01:26"]
[PlyCount "81"]
[TimeControl "3600+10"]

1. e4 e5 2. Nf3 Nc6 3. d4 exd4 4. Nxd4 Bc5 5. Be3 Nf6 6. Nxc6 dxc6 7. Qxd8+
Kxd8 8. Bxc5 Nxe4 9. Be3 Re8 10. Bd3 Ng5 11. O-O h6 12. Rd1 Bd7 13. Bxg5+
hxg5 14. Bf5 Re7 15. Bxd7 Rxd7 16. Nc3 Rxd1+ 17. Rxd1+ Ke7 18. Re1+ Kf6 19.
Ne4+ Kg6 20. f3 Re8 21. Rd1 f5 22. Nc3 b5 23. a3 a6 24. Kf2 c5 25. Rd5 b4
26. axb4 cxb4 27. Na2 Rb8 28. Rd3 c5 29. Rb3 a5 30. Rd3 c4 31. Rd4 b3 32.
cxb3 cxb3 33. Nc3 f4 34. Rd6+ Kh7 35. Ra6 Rd8 36. Ke2 Re8+ 37. Kf2 Rd8 38.
Ne4 Rd4 39. Nxg5+ Kg8 40. Ra8+ Rd8 41. Rxd8# { Black checkmated } 1-0

[Event "ICC tourney 2523 (60 10)"]
[Site "Internet Chess Club"]
[Date "2021.04.18"]
[Round "4"]
[White "Vesval, Emma:Latecutehat"]
[Black "VURAL, TAYGA:Tayga"]
[Result "0-1"]
[ICCResult "White checkmated"]
[WhiteElo "463"]
[BlackElo "811"]
[Opening "Scandinavian defense"]
[ECO "B01"]
[NIC "SD.03"]
[Time "10:00:36"]
[PlyCount "126"]
[TimeControl "3600+10"]

1. e4 d5 2. exd5 Nf6 3. Nc3 Nxd5 4. Nxd5 Qxd5 5. Nf3 Bg4 6. Be2 Nc6 7. O-O
e5 8. c4 Qe6 9. Ng5 Bxe2 10. Qxe2 Qf5 11. Nf3 Bd6 12. d4 O-O 13. d5 Ne7 14.
Ng5 h6 15. Ne4 Ng6 16. Nxd6 cxd6 17. b3 Nf4 18. Bxf4 Qxf4 19. Rfe1 Rfe8 20.
g3 Qg5 21. Qb2 a6 22. Qa3 Qf6 23. c5 Rad8 24. cxd6 Qxd6 25. Qxd6 Rxd6 26.
f4 Rxd5 27. fxe5 Rdxe5 28. Rxe5 Rxe5 29. Rd1 Re7 30. a4 Kh7 31. b4 Kg6 32.
b5 a5 33. b6 Re6 34. Rd7 Rxb6 35. h4 Rb1+ 36. Kh2 b5 37. Kh3 bxa4 38. Kg4
Rb4+ 39. Kh3 a3 40. Rd1 Ra4 41. Ra1 a2 42. g4 h5 43. g5 f6 44. gxf6 gxf6
45. Kg3 Kf5 46. Kf3 Ke5 47. Ke3 Ra3+ 48. Kf2 Kd4 49. Kf1 Kc3 50. Kf2 Kb2
51. Rf1 a1=Q 52. Rxa1 Rxa1 53. Kg3 Ra4 54. Kf3 Rxh4 55. Kf2 Rh3 56. Kf1 Kc3
57. Kf2 Kd4 58. Kf1 Rh2 59. Kg1 Ra2 60. Kf1 Ke3 61. Kg1 Kf3 62. Kh1 Kg3 63.
Kg1 Ra1# { White checkmated } 0-1

[Event "ICC tourney 2523 (60 10)"]
[Site "Internet Chess Club"]
[Date "2021.04.18"]
[Round "4"]
[White "SARR, MALICK:SABX4GOAT"]
[Black "LUZGIN, ELISEY:Elisey2011"]
[Result "1/2-1/2"]
[ICCResult "Game drawn by repetition"]
[WhiteElo "681"]
[BlackElo "590"]
[Opening "Four knights: Spanish, classical defense"]
[ECO "C48"]
[NIC "KP.03"]
[Time "10:00:58"]
[PlyCount "254"]
[TimeControl "3600+10"]

1. e4 e5 2. Nf3 Nc6 3. Bb5 Nf6 4. Nc3 Bc5 5. O-O O-O 6. d3 d6 7. h3 h6 8.
Be3 Bxe3 9. fxe3 Be6 10. Bxc6 bxc6 11. Rf2 d5 12. exd5 cxd5 13. d4 e4 14.
Nd2 Qd7 15. Kh2 Qd6+ 16. Kh1 c6 17. Qe2 Qg3 18. Nf1 Qg6 19. Kh2 Bg4 20. Qd2
Qh5 21. Ng3 Qg5 22. Nce2 Qh4 23. Nf4 Rae8 24. Rh1 Nh5 25. Nfxh5 Bxh5 26.
Nxh5 Qxh5 27. Kg1 Re6 28. b3 Rg6 29. c4 dxc4 30. bxc4 Re8 31. d5 cxd5 32.
cxd5 Rd8 33. Qc3 Rxd5 34. Qc8+ Kh7 35. Kh2 Qg5 36. Rb1 Rd2 37. Rxd2 Qxe3
38. Rc2 Qd3 39. Rb8 Qg3+ 40. Kg1 Qe1+ 41. Kh2 Qg3+ 42. Kh1 Qe1+ 43. Kh2
Qg3+ 44. Kg1 Qe1+ 45. Kh2 Qg3+ 46. Kh1 Qe1+ 47. Kh2 Qg3+ 48. Kg1 Qe1+ 49.
Kh2 Qg3+ 50. Kh1 Qe1+ 51. Kh2 Qg3+ 52. Kg1 Qe1+ 53. Kh2 Qg3+ 54. Kh1 Qe1+
55. Kh2 Qg3+ 56. Kg1 Qe1+ 57. Kh2 Qg3+ 58. Kh1 Qe1+ 59. Kh2 Qg3+ 60. Kg1
Qe1+ 61. Kh2 Qg3+ 62. Kh1 Qe1+ 63. Kh2 Qg3+ 64. Kg1 Qe1+ 65. Kh2 Qg3+ 66.
Kh1 Qe1+ 67. Kh2 Qg3+ 68. Kg1 Qe1+ 69. Kh2 Qg3+ 70. Kg1 Qe1+ 71. Kh2 Qg3+
72. Kh1 Qe1+ 73. Kh2 Qg3+ 74. Kg1 Qe1+ 75. Kh2 Qg3+ 76. Kh1 Qe1+ 77. Kh2
Qg3+ 78. Kg1 Qe1+ 79. Kh2 Qg3+ 80. Kh1 Qe1+ 81. Kh2 Qg3+ 82. Kg1 Qe1+ 83.
Kh2 Qg3+ 84. Kh1 Qe1+ 85. Kh2 Qg3+ 86. Kg1 Qe1+ 87. Kh2 Qg3+ 88. Kh1 Qe1+
89. Kh2 Qg3+ 90. Kg1 Qe1+ 91. Kh2 Qg3+ 92. Kg1 Qe1+ 93. Kh2 Qg3+ 94. Kh1
Qe1+ 95. Kh2 Qg3+ 96. Kg1 Qe1+ 97. Kh2 Qg3+ 98. Kh1 Qe1+ 99. Kh2 Qg3+ 100.
Kg1 Qe1+ 101. Kh2 Qg3+ 102. Kh1 Qe1+ 103. Kh2 Qg3+ 104. Kg1 Qe1+ 105. Kh2
Qg3+ 106. Kh1 Qe1+ 107. Kh2 Qg3+ 108. Kg1 Qe1+ 109. Kh2 Qg3+ 110. Kh1 Qe1+
111. Kh2 Qg3+ 112. Kg1 Qe1+ 113. Kh2 Qg3+ 114. Kh1 Qe1+ 115. Kh2 Qg3+ 116.
Kg1 Qe1+ 117. Kh2 Qg3+ 118. Kh1 Qe1+ 119. Kh2 Qg3+ 120. Kg1 Qe1+ 121. Kh2
Qg3+ 122. Kh1 Qe1+ 123. Kh2 Qg3+ 124. Kh1 Qe1+ 125. Kh2 Qg3+ 126. Kg1 Qe1+
127. Kh2 Qg3+ { Game drawn by repetition } 1/2-1/2

[Event "ICC tourney 2523 (60 10)"]
[Site "Internet Chess Club"]
[Date "2021.04.18"]
[Round "4"]
[White "DESHPANDE, KESHAV:keshavdesh"]
[Black "NAGUMALLA, NIHAS:nihas204"]
[Result "0-1"]
[ICCResult "White checkmated"]
[WhiteElo "259"]
[BlackElo "711"]
[Opening "Ruy Lopez: Berlin defense, 4.O-O, d6"]
[ECO "C66"]
[NIC "RL.02"]
[Time "10:00:37"]
[PlyCount "64"]
[TimeControl "3600+10"]

1. e4 e5 2. Nf3 Nc6 3. Bb5 d6 4. O-O Nf6 5. d3 Be7 6. Bg5 O-O 7. Nc3 Nh5 8.
Qd2 Nd4 9. Nxd4 Bxg5 10. Qe2 exd4 11. Nd1 Nf4 12. Qf3 Qf6 13. Bc4 Be6 14.
Bxe6 Nxe6 15. Qg4 Bh6 16. f3 Be3+ 17. Nxe3 dxe3 18. f4 h5 19. Qf3 h4 20. f5
Nd4 21. Qg4 Nxc2 22. Rac1 Qxb2 23. h3 Nd4 24. Qh5 Ne2+ 25. Kh2 Nxc1 26. Rf4
e2 27. Rxh4 f6 28. Qh7+ Kf7 29. Rg4 Rg8 30. Qg6+ Kf8 31. e5 Qxe5+ 32. Kg1
e1=Q# { White checkmated } 0-1

[Event "ICC tourney 2523 (60 10)"]
[Site "Internet Chess Club"]
[Date "2021.04.18"]
[Round "4"]
[White "Dela Luna-buder, Johann:JohannLuna"]
[Black "WEST, JACK:JWest139"]
[Result "1-0"]
[ICCResult "Black resigns"]
[WhiteElo "640"]
[BlackElo "821"]
[Opening "QGD: Marshall defense"]
[ECO "D06"]
[NIC "QP.08"]
[Time "10:00:45"]
[PlyCount "119"]
[TimeControl "3600+10"]

1. d4 d5 2. c4 Nf6 3. Nc3 Nc6 4. Nf3 dxc4 5. e4 Bg4 6. Bxc4 Bxf3 7. Qxf3
Qxd4 8. Bd3 O-O-O 9. Bc2 e5 10. Be3 Qc4 11. Bg5 Bb4 12. a3 Bxc3+ 13. bxc3
Rd6 14. a4 Rhd8 15. Rb1 Na5 16. Rb5 Qa2 17. Qe2 Qa1+ 18. Bb1 Rd1+ 19. Qxd1
Rxd1+ 20. Kxd1 Qxc3 21. Bd2 Qd4 22. Rxa5 Nxe4 23. Bxe4 Qa1+ 24. Bc1 Qd4+
25. Ke2 Qxe4+ 26. Be3 b6 27. Rb5 Qxa4 28. Rxe5 Qc4+ 29. Kf3 f6 30. Re7 Qc6+
31. Kg4 Qc4+ 32. Kg3 h5 33. Re8+ Kd7 34. h3 g5 35. Kh2 h4 36. Rf8 Ke7 37.
Rh8 a5 38. Re1 a4 39. Rc8 a3 40. Bxb6+ Kd6 41. Rxc7 Qf4+ 42. Kg1 a2 43. Ra7
Kc6 44. Be3 Qb4 45. Rc1+ Kb5 46. Rb7+ Ka4 47. Rxb4+ Kxb4 48. Bd4 Kb3 49.
Bxf6 Ka3 50. Re1 Kb3 51. Bxg5 Kb2 52. Bf6+ Ka3 53. Bxh4 Kb2 54. Bf6+ Ka3
55. Ra1 Kb3 56. Rxa2 Kxa2 57. h4 Kb3 58. h5 Kc4 59. h6 Kd5 60. h7 { Black
resigns } 1-0

[Event "ICC tourney 2523 (60 10)"]
[Site "Internet Chess Club"]
[Date "2021.04.18"]
[Round "4"]
[White "Lee, Shan:Shanlee"]
[Black "GALVEZ, CONNOR HAMILTON:ConnorGalvez"]
[Result "1-0"]
[ICCResult "Black checkmated"]
[WhiteElo "815"]
[BlackElo "639"]
[Opening "Scotch: Schmidt variation"]
[ECO "C45"]
[NIC "SO.04"]
[Time "10:00:59"]
[PlyCount "61"]
[TimeControl "3600+10"]

1. e4 e5 2. Nf3 Nc6 3. d4 exd4 4. Nxd4 Nf6 5. Nxc6 bxc6 6. Nc3 Bc5 7. Bc4
O-O 8. O-O Re8 9. Bg5 d6 10. Qf3 Bd4 11. Qd3 Bxc3 12. bxc3 h6 13. f4 hxg5
14. fxg5 d5 15. gxf6 dxc4 16. Qg3 g6 17. Rad1 Bd7 18. e5 Re6 19. h4 Qf8 20.
Rxd7 Rae8 21. h5 Qh6 22. hxg6 Qxg6 23. Qxg6+ fxg6 24. f7+ Kf8 25. fxe8=Q+
Kxe8 26. Rff7 Rxe5 27. Rxc7 a5 28. Rh7 Kd8 29. Ra7 Re1+ 30. Kh2 Re8 31.
Ra8# { Black checkmated } 1-0

[Event "ICC tourney 2523 (60 10)"]
[Site "Internet Chess Club"]
[Date "2021.04.18"]
[Round "4"]
[White "VADHER, DEVAJ MAYANK:DevajVadher"]
[Black "LANKIPALLE, RUTHVIKARAO:ruthvikal"]
[Result "0-1"]
[ICCResult "White checkmated"]
[WhiteElo "992"]
[BlackElo "567"]
[Opening "Sicilian: dragon, Yugoslav attack"]
[ECO "B75"]
[NIC "SI.17"]
[Time "10:00:41"]
[PlyCount "112"]
[TimeControl "3600+10"]

1. e4 c5 2. Nf3 d6 3. d4 cxd4 4. Nxd4 Nf6 5. Nc3 g6 6. Be3 Bg7 7. f3 Nc6 8.
Nb3 a6 9. Qd2 b5 10. a3 Bb7 11. Be2 Ne5 12. g4 Nc4 13. Bxc4 bxc4 14. Nd4
O-O 15. h4 h5 16. g5 Nd7 17. O-O-O Rb8 18. Qe2 Qc7 19. Qd2 Ba8 20. Na2 Nc5
21. Rhf1 Na4 22. Nc3 Nxb2 23. Rde1 Rb7 24. f4 Rfb8 25. f5 Qc5 26. Ndb5 Qc6
27. Nd4 Qc7 28. f6 Qa5 29. Nb1 Nd3+ 30. Kd1 Rxb1+ 31. Ke2 Qxd2+ 32. Bxd2
Nxe1 33. Rxe1 exf6 34. gxf6 Bxf6 35. Rxb1 Rxb1 36. Nf3 Bxe4 37. c3 Rb2 38.
Nd4 Bxh4 39. Ke3 Bg5+ 40. Kxe4 Bxd2 41. Kd5 Bxc3 42. Kxc4 Bxd4 43. Kxd4 h4
44. Ke3 h3 45. Kd3 h2 46. Kc3 Rf2 47. Kd3 h1=Q 48. Ke3 Qe1+ 49. Kd3 Qe3+
50. Kc4 Rf4+ 51. Kd5 Qe4+ 52. Kxd6 Rf5 53. Kc7 Qe6 54. Kd8 Rd5+ 55. Kc7
Rd7+ 56. Kc8 Qe8# { White checkmated } 0-1

[Event "ICC tourney 2523 (60 10)"]
[Site "Internet Chess Club"]
[Date "2021.04.18"]
[Round "4"]
[White "Seigel, Shoshana:ShoshanaS"]
[Black "LU, ARIANNA:ChessPandaLu"]
[Result "0-1"]
[ICCResult "White checkmated"]
[WhiteElo "810"]
[BlackElo "439"]
[Opening "Queen's pawn, Mason variation, Steinitz counter-gambit"]
[ECO "D00"]
[NIC "QP.08"]
[Time "10:00:47"]
[PlyCount "114"]
[TimeControl "3600+10"]

1. d4 d5 2. Bf4 c5 3. e3 Nc6 4. c3 a6 5. Nf3 Nf6 6. Bd3 e6 7. Nbd2 Be7 8.
O-O O-O 9. Ne5 Bd7 10. Ndf3 h6 11. Nxd7 Qxd7 12. Ne5 Qc8 13. Bg3 b5 14. b3
Qb7 15. a3 Rfc8 16. Rb1 c4 17. bxc4 dxc4 18. Bxc4 Nxe5 19. dxe5 Rxc4 20.
exf6 Bxf6 21. Qd3 Rxc3 22. Qd6 Rd8 23. Qb4 Qe7 24. Qxe7 Bxe7 25. Rfd1 Rxa3
26. Rxd8+ Bxd8 27. Bd6 Ra2 28. Rd1 Bf6 29. g3 Ra1 30. Rxa1 Bxa1 31. f4 Bc3
32. Kf2 b4 33. Ke2 a5 34. Kd3 a4 35. Be5 Bxe5 36. fxe5 a3 37. Kc2 Kf8 38.
Kb3 f6 39. exf6 gxf6 40. h4 Kg7 41. Ka2 Kg6 42. g4 h5 43. g5 fxg5 44. hxg5
Kxg5 45. Kb3 h4 46. Kxb4 a2 47. Kc5 a1=Q 48. Kd6 h3 49. Kxe6 h2 50. e4 h1=Q
51. e5 Qh6+ 52. Kd5 Qa5+ 53. Ke4 Qh4+ 54. Kf3 Qc3+ 55. Kg2 Qhh3+ 56. Kf2
Qc2+ 57. Kg1 Qcg2# { White checkmated } 0-1

[Event "ICC tourney 2523 (60 10)"]
[Site "Internet Chess Club"]
[Date "2021.04.18"]
[Round "5"]
[White "Skanda, Saurav:sauravs"]
[Black "HAN, WILLIAM M:LionsWilliamH"]
[Result "0-1"]
[ICCResult "White checkmated"]
[WhiteElo "781"]
[BlackElo "619"]
[Opening "KP: Nimzovich defense"]
[ECO "B00"]
[NIC "VO.05"]
[Time "13:17:07"]
[PlyCount "24"]
[TimeControl "3600+10"]

1. e4 Nc6 2. Nf3 d5 3. exd5 Qxd5 4. Nc3 Qh5 5. d4 Bg4 6. Be2 Nf6 7. O-O
O-O-O 8. h3 e5 9. hxg4 Nxg4 10. Be3 exd4 11. Bxd4 Rxd4 12. Nxd4 Qh2# {
White checkmated } 0-1

[Event "ICC tourney 2523 (60 10)"]
[Site "Internet Chess Club"]
[Date "2021.04.18"]
[Round "5"]
[White "LIAO, ABBY:Abbyliao0216"]
[Black "SCHWEITZER, ANDREW HARRISON:mrandrew"]
[Result "0-1"]
[ICCResult "White checkmated"]
[WhiteElo "740"]
[BlackElo "448"]
[Opening "Scandinavian defense"]
[ECO "B01"]
[NIC "SD.03"]
[Time "13:16:29"]
[PlyCount "50"]
[TimeControl "3600+10"]

1. e4 d5 2. exd5 Nf6 3. Bc4 Nxd5 4. Bxd5 Qxd5 5. Nc3 Qe5+ 6. Nge2 Bf5 7.
O-O e6 8. a3 Bd6 9. Ng3 h5 10. h3 h4 11. d4 Qf6 12. Nxf5 Qxf5 13. Re1 g5
14. Nb5 Bf4 15. Bxf4 Qxf4 16. Nc3 Nc6 17. Ne4 O-O-O 18. b4 Nxd4 19. Qb1 g4
20. c4 gxh3 21. Nc5 h2+ 22. Kh1 h3 23. Re4 hxg2+ 24. Kxg2 Rdg8+ 25. Kf1
h1=Q# { White checkmated } 0-1

[Event "ICC tourney 2523 (60 10)"]
[Site "Internet Chess Club"]
[Date "2021.04.18"]
[Round "5"]
[White "LERNER, MIRO LUNN:awesome122243"]
[Black "JONES, TAYLOR:WDSTJ1"]
[Result "1-0"]
[ICCResult "Black checkmated"]
[WhiteElo "741"]
[BlackElo "872"]
[Opening "Sicilian: accelerated fianchetto, exchange variation"]
[ECO "B34"]
[NIC "SI.33"]
[Time "13:17:18"]
[PlyCount "35"]
[TimeControl "3600+10"]

1. e4 c5 2. Nf3 Nc6 3. d4 cxd4 4. Nxd4 g6 5. Nxc6 bxc6 6. Qd4 Nf6 7. Nc3
Bg7 8. Qd1 O-O 9. Bc4 e5 10. Bg5 d6 11. Qd2 Bh8 12. O-O-O Bg4 13. f3 Bd7
14. Qxd6 Qc8 15. Bxf6 Bxf6 16. Qxf6 Rd8 17. Qxf7+ Kh8 18. Qf6# { Black
checkmated } 1-0

[Event "ICC tourney 2523 (60 10)"]
[Site "Internet Chess Club"]
[Date "2021.04.18"]
[Round "5"]
[White "javeri, kiaan:kiaanj"]
[Black "SRINIVAS, AASHISH:aashish1212"]
[Result "1-0"]
[ICCResult "Black checkmated"]
[WhiteElo "938"]
[BlackElo "676"]
[Opening "Petrov: Nimzovich attack"]
[ECO "C42"]
[NIC "RG.03"]
[Time "13:16:43"]
[PlyCount "49"]
[TimeControl "3600+10"]

1. e4 e5 2. Nf3 Nf6 3. Nxe5 d6 4. Nf3 Nxe4 5. Nc3 Nxc3 6. dxc3 Nc6 7. Bb5
Be7 8. O-O O-O 9. Nd4 Nxd4 10. Qxd4 Bf6 11. Qe3 Re8 12. Qg3 g6 13. Bxe8
Qxe8 14. Bg5 Be5 15. Qe3 Qd7 16. Rad1 b6 17. Bf4 Bxf4 18. Qxf4 Ba6 19. Rfe1
Re8 20. Re3 Rxe3 21. Qxe3 Qa4 22. Qh6 Qxc2 23. Re1 f6 24. Re8+ Kf7 25. Qf8#
{ Black checkmated } 1-0

[Event "ICC tourney 2523 (60 10)"]
[Site "Internet Chess Club"]
[Date "2021.04.18"]
[Round "5"]
[White "MARCAL, DAVID:BirchDavidM"]
[Black "Vesval, Emma:Latecutehat"]
[Result "1-0"]
[ICCResult "Black checkmated"]
[WhiteElo "757"]
[BlackElo "463"]
[Opening "Old Benoni defense"]
[ECO "A43"]
[NIC "OI.09"]
[Time "13:16:46"]
[PlyCount "57"]
[TimeControl "3600+10"]

1. d4 c5 2. Nf3 Nc6 3. c3 d5 4. Bf4 Nf6 5. e3 Bf5 6. Nbd2 cxd4 7. cxd4 e6
8. Bb5 Qb6 9. Qa4 a6 10. Bxc6+ Qxc6 11. Qxc6+ bxc6 12. O-O c5 13. Rac1 cxd4
14. Nxd4 Bc5 15. Rxc5 Nd7 16. Rc3 f6 17. Rfc1 Ke7 18. Nc6+ Kf7 19. Nb4 Rab8
20. Bxb8 Rxb8 21. Rc7 Rxb4 22. Rxd7+ Kg6 23. Rcc7 Rxb2 24. Rxg7+ Kh6 25. h3
Rxd2 26. g4 Be4 27. f3 Bxf3 28. Rxh7+ Kg5 29. Rcg7# { Black checkmated }
1-0

[Event "ICC tourney 2523 (60 10)"]
[Site "Internet Chess Club"]
[Date "2021.04.18"]
[Round "5"]
[White "MUKHERJI, RAI:RaiChess"]
[Black "NAGUMALLA, NIHAS:nihas204"]
[Result "1-0"]
[ICCResult "Black checkmated"]
[WhiteElo "964"]
[BlackElo "711"]
[Opening "Giuoco Piano"]
[ECO "C50"]
[NIC "IG.02"]
[Time "13:16:35"]
[PlyCount "33"]
[TimeControl "3600+10"]

1. e4 e5 2. Nf3 Nc6 3. Bc4 Bc5 4. O-O Nf6 5. Re1 d6 6. h3 O-O 7. c3 h6 8.
a4 Nh7 9. b4 Qf6 10. bxc5 dxc5 11. d3 Qg6 12. Nh4 Qf6 13. Qh5 Ng5 14. Bxg5
hxg5 15. Nf3 Be6 16. Nxg5 Bxc4 17. Qh7# { Black checkmated } 1-0

[Event "ICC tourney 2523 (60 10)"]
[Site "Internet Chess Club"]
[Date "2021.04.18"]
[Round "5"]
[White "HOWE, WILEY:wileyhowe"]
[Black "Miner, Julian:julianminer"]
[Result "1-0"]
[ICCResult "Black checkmated"]
[WhiteElo "700"]
[BlackElo "236"]
[Opening "QGD: Chigorin defense"]
[ECO "D07"]
[NIC "QP.08"]
[Time "13:20:20"]
[PlyCount "43"]
[TimeControl "3600+10"]

1. d4 d5 2. c4 Nc6 3. Nf3 dxc4 4. e4 Bg4 5. Be3 e6 6. h3 Bxf3 7. Qxf3 Bb4+
8. Nc3 Bxc3+ 9. bxc3 Nf6 10. Bxc4 O-O 11. O-O a6 12. Bg5 Nd7 13. Bxd8 Nxd8
14. d5 exd5 15. Bxd5 Nf6 16. Bc4 b5 17. Bd5 Nxd5 18. exd5 Re8 19. Rfe1
Rxe1+ 20. Rxe1 c6 21. dxc6 Rc8 22. Re8# { Black checkmated } 1-0

[Event "ICC tourney 2523 (60 10)"]
[Site "Internet Chess Club"]
[Date "2021.04.18"]
[Round "5"]
[White "LAMA, SUBRINA:sahysubrina"]
[Black "CHEN, LUKE:lukeychen"]
[Result "1-0"]
[ICCResult "Black checkmated"]
[WhiteElo "872"]
[BlackElo "340"]
[Opening "Queen's pawn, Mason variation"]
[ECO "D00"]
[NIC "QP.08"]
[Time "13:16:41"]
[PlyCount "37"]
[TimeControl "3600+10"]

1. d4 d5 2. Bf4 e6 3. e3 a6 4. Bd3 Nf6 5. Nf3 Bb4+ 6. c3 a5 7. cxb4 axb4 8.
O-O O-O 9. Nbd2 Bd7 10. Bc2 Nc6 11. Qe2 Na5 12. Qd3 Ra6 13. Ng5 h6 14. Be5
Re8 15. Bxf6 Qxf6 16. Qh7+ Kf8 17. Ndf3 e5 18. dxe5 Qe7 19. Qh8# { Black
checkmated } 1-0

[Event "ICC tourney 2523 (60 10)"]
[Site "Internet Chess Club"]
[Date "2021.04.18"]
[Round "5"]
[White "Condon, Dylan:DeDeBoy"]
[Black "SHAH, NIKHIL:NShah08"]
[Result "0-1"]
[ICCResult "White checkmated"]
[WhiteElo "685"]
[BlackElo "890"]
[Opening "Four knights: Spanish, classical defense"]
[ECO "C48"]
[NIC "KP.03"]
[Time "13:16:31"]
[PlyCount "118"]
[TimeControl "3600+10"]

1. e4 e5 2. Nc3 Nf6 3. Nf3 Nc6 4. Bb5 Bc5 5. O-O d6 6. Nd5 Nxd5 7. exd5 a6
8. Bxc6+ bxc6 9. dxc6 Qf6 10. d3 d5 11. Bg5 Qxc6 12. Nxe5 Qe6 13. d4 Bd6
14. Bf4 f6 15. Ng4 Qxg4 16. Qxg4 Bxg4 17. Bxd6 cxd6 18. Rfe1+ Kf7 19. b3
Bf5 20. c4 dxc4 21. bxc4 Rac8 22. Rac1 Bd3 23. c5 dxc5 24. dxc5 Rhd8 25. h3
Rd5 26. Rcd1 Bc4 27. Rxd5 Bxd5 28. Rd1 Rxc5 29. a3 Ra5 30. Ra1 Ke6 31. Kf1
Ke5 32. Ke1 Kd4 33. Rd1+ Kc3 34. Kf1 Kb3 35. Rd3+ Kc4 36. Rd2 Rxa3 37. Kg1
Ra1+ 38. Kh2 a5 39. Rc2+ Kb3 40. Rd2 Bc4 41. g4 a4 42. Rd7 Ra2 43. Rxg7
Rxf2+ 44. Kg3 Re2 45. Rxh7 a3 46. Rb7+ Kc3 47. h4 a2 48. h5 a1=Q 49. h6 Re8
50. Rg7 Kb4 51. h7 f5 52. gxf5 Qxg7+ 53. Kf4 Qxh7 54. Kf3 Rf8 55. Ke4 Qxf5+
56. Ke3 Rg8 57. Kd4 Rg4+ 58. Ke3 Qd3+ 59. Kf2 Qe2# { White checkmated } 0-1